 Dungeon Crawl Stone Soup version 0.27.1-33-g824d729ab1 (webtiles) character file.

Game seed: 2747404473848969305

168 Roc the Covered (level 5, -7/33 HPs)
             Began as a Gargoyle Fighter on Dec 15, 2021.
             Killed by divine providence
             ... invoked by an orc priest
              (12 damage)
             ... on level 3 of the Dungeon.
             The game lasted 00:20:22 (2892 turns).

Roc the Covered (Gargoyle Fighter)                  Turns: 2892, Time: 00:20:23

Health: -7/33      AC: 13    Str: 21    XL:     5   Next: 49%
Magic:  5/5        EV:  6    Int:  8    God:
Gold:   86         SH:  9    Dex:  9    Spells: 4/4 levels left

rFire    . . .     SeeInvis .   a - +0 flail
rCold    . . .     Faith    .   c - +0 kite shield
rNeg     + . .     Spirit   .   j - +0 chain mail
rPois    ∞         Reflect  .   (no helmet)
rElec    +         Harm     .   f - scarf {+Inv}
rCorr    .         Rampage  .   (no gloves)
Will     .....                  (no boots)
Stlth    ..........             (no amulet)
HPRegen  0.11/turn              (no ring)
MPRegen  0.09/turn              (no ring)

@: no status effects
A: sickness immunity, AC +4, negative energy resistance 1, electricity
resistance, torment resistance 1, petrification resistance
a: Evoke Invisibility


You were on level 3 of the Dungeon.
You visited 1 branch of the dungeon, and saw 4 of its levels.

You collected 86 gold pieces.

Inventory:

Hand Weapons
 a - a +0 flail (weapon)
Armour
 c - a +0 kite shield (worn)
 f - a scarf of invisibility (worn)
 j - a +0 chain mail (worn)
Scrolls
 i - a scroll of identify {unknown}
 m - a scroll of teleportation {unknown}
Potions
 b - a potion of magic {unknown}
 d - a potion of might
 e - 2 potions of flight
 g - 2 potions of curing {unknown}
 k - a potion of degeneration {unknown}
 l - a potion of heal wounds {unknown}


   Skills:
 + Level 4.0 Fighting
 + Level 2.7 Maces & Flails
 + Level 4.6 Armour
 + Level 0.8 Dodging
 + Level 4.4 Shields


You had 4 spell levels left.
You didn't know any spells.
Your spell library was empty.

Dungeon Overview and Level Annotations

Branches:
Dungeon (4/15)
 Temple: D:4-7

Altars:
Dithmenos

Shops:
D:2 [:*((


Innate Abilities, Weirdness & Mutations

You are immune to sickness and miasma.
Your stone body is resilient. (AC +4)
You are immune to poison.
You resist negative energy. (rN+)
You are resistant to electric shocks. (rElec)
You are resistant to unholy torment.
You are immune to petrification.


Message History

A ball python and an orc priest come into view.
The ball python hisses angrily.
The orc priest shouts!
The goblin hits you but does no damage.
An orc comes into view. It is wielding a +0 hand axe.
The orc priest moves out of view.
You hit the goblin but do no damage.
The goblin hits you but does no damage. x2
You sock the goblin!
You kill the goblin!
The dart slug launches a dart at you.
The slug dart hits you but does no damage.
Found a stone staircase leading down.
The dart slug bites you.
Things that are here:
a +0 dagger; a goblin corpse You hit the dart slug.
The dart slug is moderately wounded.
You block the dart slug's attack.
The orc priest mumbles some strange prayers to Beogh against you.
Beogh smites you!
You sock the dart slug!
You kill the dart slug!
The ball python barely misses you. The ball python grabs you.
The ball python constricts you.
The orc priest invokes the aid of Beogh against you.
Beogh smites you!
* * * LOW HITPOINT WARNING * * *
As you read the scroll labelled GISCHY CUKLOUDGH, it crumbles to dust.
The scroll dissolves into smoke.
It was a scroll of fog.
The ball python bites you but does no damage.
The ball python constricts you.
* * * LOW HITPOINT WARNING * * *
You escape the ball python's grasp.
The ball python bites you but does no damage.
The ball python grabs you. The ball python constricts you.
You escape the ball python's grasp.
You block the ball python's attack. The ball python barely misses you.
You thump the ball python!
You kill the ball python!
The orc priest invokes the aid of Beogh against you.
Beogh smites you!
You die...

#.#....#..
#.#..####...........#
#.'.####### +.#..#
#######.###.#
#.#....# #.#.... ..#
#.# #.# #.####.#
#.#..### #.# #.# #.#
#....# # ..#..# #.#
#.# #.. ##.#.#
..##..# #.# #.###.#
#.#.#####.#.
#.†######.###.....#
#.#.......#.
#..................
#...........
##@######..###.##.#
####.####### #.#
#....<..... #.# #.#
##.###.#.## #.# #o#
#.# #.#.# #.# #.# #.#
#...# #.# #o# #.#
##.. #.# #o# #.# ..#
#.# #.#######.####..#
#.#
####.##.o...........


You could see an orc priest and 2 orcs.

Vanquished Creatures
  Jessica (D:2)
  An iguana (D:4)
  Terence (D:2)
  2 adders (D:2)
  A worm (D:1)
  4 dart slugs
  10 ball pythons
  8 bats
  7 endoplasms
  A giant cockroach (D:1)
  5 goblins
  6 hobgoblins
  5 jackals (D:1)
  4 kobolds
  2 quokkas
  3 frilled lizards
  A rat (D:2)
62 creatures vanquished.

Notes
Turn   | Place    | Note
-------+----------+-------------------------------------------
     0 | D:1      | Roc the Gargoyle Fighter began the quest for the Orb.
     0 | D:1      | Reached XP level 1. HP: 14/14 MP: 1/1
    69 | D:1      | Reached XP level 2. HP: 12/19 MP: 2/2
   634 | D:1      | Reached XP level 3. HP: 22/23 MP: 3/3
  1403 | D:2      | Found a shadowy altar of Dithmenos.
  1466 | D:2      | Found Zavyxoja's General Store.
  1486 | D:2      | Found Jiosinif's Antique Weapon Shoppe.
  1607 | D:2      | Noticed Jessica
  1614 | D:2      | Killed Jessica
  1615 | D:2      | Reached XP level 4. HP: 26/29 MP: 4/4
  1668 | D:2      | Found Miriaremi's Book Emporium.
  1696 | D:2      | Found Resaqac's Antique Armour Emporium.
  1701 | D:2      | Noticed Terence
  1720 | D:2      | Killed Terence
  1811 | D:2      | Found Bownaxan's Antique Weapon Shop.
  1933 | D:2      | Reached XP level 5. HP: 26/33 MP: 5/5
  2892 | D:3      | Killed from afar by an orc priest

Illustrated notes

Levels and vault maps discovered:
D:1:      mrwooster_arrival_statue, layout_rooms, kennysheep_boxes
D:2:      layout_rooms, basic_altar, serial_shops, nicolae_shop_behind_doors,
          nicolae_shop_window_shopping, nicolae_shop_stone,
          nicolae_shop_crystal, shop, minivault_19, minivault_19, minivault_27,
          minivault_11, kennysheep_generic_room_5, uniq_jessica, uniq_terence
D:3:      layout_loops_ring, mainiacjoe_overflow_concentric_impassable,
          gammafunk_ghost_grave, serial_shops, shop, roderic_filled_cross,
          uniq_sigmund
D:4:      layout_cave_pools, gammafunk_temple_overflow_pools,
          grunt_ministairs_13, minmay_statues_item

Skill      XL: |  1  2  3  4 |
---------------+-------------+-----
Armour         | 4 |  4.6
Shields        | 4 |  4.4
Fighting       | 4 |  4.0
Maces & Flails | |  2.7
Dodging        | |  0.8

Action                   |  1- 3 |  4- 6 || total
-------------------------+-------+-------++-------
Melee: Flail             |   152 |    97 ||   249
  Use: Potion            |     2 |       ||     2
       Scroll            |     1 |     1 ||     2
Armor: Scale mail        |    81 |     9 ||    90
       Chain mail        |       |    59 ||    59
Dodge: Dodged            |    43 |    28 ||    71
Block: Kite shield       |    88 |    57 ||   145
